 Dungeon Crawl Stone Soup version 0.31-a0-431-g88bdf31460 (webtiles) character file.

Game seed: 5693418485153619864

63 LeprechaunX the Ruffian (level 4, -1/29 HPs)
             Began as an Octopode Shapeshifter on July 31, 2023.
             Shot with a sling bullet by a goblin (3 damage)
             ... led by Robin
             ... on level 2 of the Dungeon.
             The game lasted 00:01:14 (1088 turns).

LeprechaunX the Ruffian (Octopode Shapeshifter)     Turns: 1088, Time: 00:01:15

Health: -1/29      AC:  1    Str: 16    XL:     4   Next: 9%
Magic:  4/4        EV: 13    Int: 10    God:
Gold:   73         SH:  0    Dex: 12    Spells: 3/3 levels left

rFire   . .          .
                       - Unarmed
rCold   . . .        (no shield)
rNeg    . . .        (helmet currently unavailable)
rPois   .            (no amulet)
rElec   .            (no ring)
rCorr   .            (no ring)
SInv    .            (no ring)
Will    .....        (no ring)
Stlth   ++           (no ring)
HPRegen 0.24/turn    (no ring)
MPRegen 0.09/turn    (no ring)
                     (no ring)

%: no passive effects
@: beast-form
A: beast (slay +2), almost no armour, amphibious, 8 rings, camouflage 1,
gelatinous body 1, (nimble swimmer 1), tentacles
a: Begin Untransformation


You were on level 2 of the Dungeon.
You were a hulking beast.
You visited 1 branch of the dungeon, and saw 2 of its levels.

You collected 73 gold pieces.

Inventory:

Jewellery
 i - an amulet of faith
Talismans
 b - a beast talisman (active)
Scrolls
 c - 2 scrolls of noise {unknown}
 e - a scroll of blinking {unknown}
 h - a scroll of identify {unknown}
Potions
 a - a potion of lignification
 d - a potion of attraction {unknown}
 f - a potion of mutation {unknown}
 g - a potion of enlightenment {unknown}
 j - a potion of curing {unknown}


   Skills:
 + Level 2.0 Fighting
 + Level 2.6 Dodging
 + Level 3.5 Unarmed Combat
 + Level 3.4 Shapeshifting


You had 3 spell levels left.
You didn't know any spells.
Your spell library contained the following spells:

 Spells                   Type           Power      Damage    Failure   Level
 Sting                    Tmut/Pois      0%         1d3       36%         1
 Vhi's Electric Charge    Tloc/Air       0%         N/A       75%         3
 Arcjolt                  Conj/Air       0%         1d10      100%        5
 Plasma Beam              Fire/Air       0%         2x1d10    100%        6


Dungeon Overview and Level Annotations

Branches:
Dungeon (2/15)

Altars:
Kikubaaqudgha

Shops:
D:2 [

Annotations:
D:2 Robin


Innate Abilities, Weirdness & Mutations

You are a hulking beast.
Your limbs bulge with bestial killing power. (Slay +2)
You cannot wear most types of armour.
You are amphibious.
You can wear up to eight rings at the same time.
Your skin changes colour to match your surroundings (Stealth+).
Your rubbery body absorbs attacks. (AC +1, EV +1)
((You are camouflaged when in or above water. (Stealth+)))
You have tentacles for arms and can constrict up to eight enemies at once.


Message History

You tentacle-slap the goblin.
You kill the goblin!
The goblin no longer looks unusually strong.
The goblin shoots a sling bullet.
The sling bullet closely misses you.
Unknown command.
The goblin no longer looks unusually strong. x2
Robin roars a battlecry!
The goblins go into a battle-frenzy!
There is an open door here.
You close the door.
A hobgoblin opens the door.
The hobgoblin no longer looks unusually strong.
As you open the door, it creaks loudly!
The goblin no longer looks unusually strong.
The goblin no longer looks unusually strong.
There is an open door here.
You barely miss the hobgoblin. You grab the hobgoblin.
You constrict the hobgoblin.
The goblin no longer looks unusually strong.
The hobgoblin hits you but does no damage.
You barely miss the hobgoblin.
The hobgoblin is moderately wounded.
You constrict the hobgoblin, but do no damage.
The hobgoblin hits you. Robin throws the goblin at you!
You tentacle-slap the goblin.
You kill the goblin!
You constrict the hobgoblin. The hobgoblin closely misses you.
You release your grip on the hobgoblin.
You see here a +0 dagger.
The hobgoblin attacks as you move away! The hobgoblin hits you.
* * * LOW HITPOINT WARNING * * *
You tentacle-slap the hobgoblin. You grab the hobgoblin.
You squeeze the hobgoblin.
You kill the hobgoblin!
The goblin shoots a sling bullet.
The sling bullet hits you.
* * * LOW HITPOINT WARNING * * *
You tentacle-slap the goblin.
You kill the goblin!
The goblin shoots a sling bullet.
The sling bullet closely misses you.
The goblin shoots a sling bullet.
The sling bullet hits you.
You die...

###########
################.<........
#........##........†......
###........##.##############
#......_.............
#.#...........#######
#.#........h..# ############
#.#....###....# #..........#
#.########....# #..........#
#.#.........).# #..........#
######.#.#........g###..........#
..........>.......g).g.g........'
######.#.#.####...####g.........#
# #.#.#.# #...# #.....(....# #
#.#.#.# #...# #........(.#


You could see Robin and a goblin.

Vanquished Creatures
  2 adders (D:2)
  2 dart slugs (D:1)
  A ball python (D:1)
  3 endoplasms
  2 giant cockroaches
  8 goblins (D:2)
  2 hobgoblins (D:2)
  4 kobolds
  4 quokkas
  3 bats
  2 frilled lizards (D:1)
  4 rats (D:1)
37 creatures vanquished.

Notes
Turn   | Place    | Note
-------+----------+-------------------------------------------
     0 | D:1      | LeprechaunX the Octopode Shapeshifter began the quest for
                  | the Orb.
     0 | D:1      | Reached XP level 1. HP: 13/13 MP: 1/1
   121 | D:1      | Reached XP level 2. HP: 18/18 MP: 2/2
   462 | D:1      | Found a faded altar of an unknown god.
   469 | D:1      | Got Plato's Grimoire of Toxins and Evolution
   556 | D:1      | Reached XP level 3. HP: 23/23 MP: 3/3
   639 | D:2      | Found an ancient bone altar of Kikubaaqudgha.
   734 | D:2      | Found Bouxer's Antique Armour Boutique.
  1039 | D:2      | Noticed Robin
  1058 | D:2      | Reached XP level 4. HP: 10/29 MP: 4/4
  1085 | D:2      | HP: 1/29 [goblin/sling bullet[Robin] (5)]
  1088 | D:2      | Shot with a sling bullet by a goblin

Illustrated notes

Levels and vault maps discovered:
D:1:      dpeg_arrival_erosion, layout_loops_ring,
          shapermc_ecumenical_altar_rom_forum, solitary_fountain, minivault_14,
          serial_bayou_pond_d
D:2:      layout_basic, serial_shops, nicolae_shop_behind_doors, basic_altar,
          corexii_leaking_fountain, uniq_robin

Skill      XL: |  1  2  3 |
---------------+----------+-----
Fighting       | 2 |  2.0
Dodging        | |  2.6
Unarmed Combat | |  3.5
Shapeshifting  | |  3.4

Action                     |  1- 3 |  4- 6 || total
---------------------------+-------+-------++-------
  Melee: Unarmed           |    60 |     6 ||    66
         Constrict         |    16 |     2 ||    18
         Tentacles         |     9 |     1 ||    10
         Punch             |     1 |       ||     1
   Stab: Sleeping          |     5 |       ||     5
 Armour: Skin              |     8 |     1 ||     9
  Dodge: Dodged            |    46 |     3 ||    49

Table legend: (Time is in decaauts)
 A = Elapsed time spent in this place.
 B = Non-inter-level travel time spent in this place.
 C = Inter-level travel time spent in this place.
 D = Time resting spent in this place.
 E = Time spent auto-exploring this place.
 F = Levels seen in this place.
 G = Mean time per level.
                   A        B        C        D        E       F      G
               +--------+--------+--------+--------+--------+-----+--------+
         Total |   1083 |   1062 |     21 |      0 |    853 |   2 |  541.5 |
       Dungeon |   1083 |   1062 |     21 |      0 |    853 |   2 |  541.5 |
               +--------+--------+--------+--------+--------+-----+--------+

Top non-repeatable levels by time:
     D:1: 636 daAuts
     D:2: 447 daAuts
